 Dungeon Crawl Stone Soup version 0.26.0-10-g1f06aea511 (webtiles) character file.

Game seed: 4187026244490214277

10687 Acheron the Grappler (level 11, -6/100 HPs)
             Began as a Troll Wanderer on Jan 14, 2021.
             Was a Priest of Wu Jian.
             Mangled by a dire elephant (28 damage)
             ... on level 6 of the Lair of Beasts.
             The game lasted 01:11:02 (7940 turns).

Acheron the Grappler (Troll Wanderer)               Turns: 7940, Time: 01:11:03

Health: -6/100     AC: 16    Str: 22    XL:     11   Next: 39%
Magic:  17/17      EV:  9    Int: 10    God:    Wu Jian [***...]
Gold:   615        SH: 14    Dex: 10    Spells: 11/19 levels left

rFire    + . .     SeeInvis .     - Unarmed
rCold    + . .     Faith    .   E - +0 kite shield
rNeg     . . .     Spirit   .   y - +3 swamp dragon scales
rPois    +         Reflect  +   d - +2 hat
rElec    .         Harm     .   (no cloak)
rCorr    .         Rampage  .   (gloves unavailable)
Will     .....                  (boots unavailable)
Stlth    +.........             l - amulet of reflection
HPRegen  0.66/turn              q - ring of protection from cold
MPRegen  0.15/turn              w - ring of protection from fire

@: no status effects
A: large, unfitting armour, claws 3, regeneration 1, shaggy fur 1, tough skin 3
a: Renounce Religion, Wall Jump, Serpent's Lash


You were on level 6 of the Lair of Beasts.
You worshipped Wu Jian.
Wu Jian was most pleased with you.
You visited 3 branches of the dungeon, and saw 18 of its levels.

You collected 643 gold pieces.
You spent 28 gold pieces at shops.

Inventory:

Hand Weapons
 b - a +4 hunting sling of freezing
 m - a +0 glaive of protection
 H - a +0 war axe
Missiles
 i - 17 boomerangs (quivered)
 k - 125 stones
 s - 49 sling bullets
 t - 63 poisoned darts
 z - 5 datura-tipped darts
 A - 7 atropa-tipped darts
 R - 8 curare-tipped darts
Armour
 d - a +2 hat (worn)
 y - +3 swamp dragon scales (worn)
 E - a +0 kite shield (worn)
Magical Staves
 j - an uncursed staff of earth
Jewellery
 c - an uncursed ring of resist corrosion {unknown}
 l - an amulet of reflection (around neck)
 q - a ring of protection from cold (left claw)
 w - a ring of protection from fire (right claw)
 B - a cursed amulet of inaccuracy {unknown}
 D - an uncursed ring of ice
 K - an uncursed amulet of the acrobat
 N - an uncursed ring of protection from fire
Wands
 v - a wand of digging (7)
 C - a wand of flame (50)
 F - a wand of iceblast (1)
 Q - a wand of paralysis (6)
Scrolls
 h - 3 scrolls of remove curse
 L - a scroll of amnesia
Potions
 e - 4 potions of lignification
 f - 2 potions of brilliance
 n - a potion of cancellation {unknown}
 o - a potion of haste {unknown}
 r - a potion of ambrosia {unknown}
 u - a potion of attraction {unknown}
 x - 2 potions of flight
 G - 2 potions of mutation
 J - 2 potions of curing
 M - a potion of magic {unknown}
Miscellaneous
 I - a lightning rod (4/4)


   Skills:
 * Level 4.1 Fighting
 + Level 1.0 Bows
 * Level 4.5 Throwing
 * Level 3.0 Armour
 * Level 4.9 Dodging
 * Level 2.9 Stealth
 * Level 5.6 Shields
 * Level 8.2 Unarmed Combat
 * Level 4.7 Spellcasting
 + Level 3.1 Conjurations
 + Level 1.1 Summonings
 + Level 2.0 Translocations
 + Level 1.0 Fire Magic
 * Level 3.4 Evocations


You had 11 spell levels left.
You knew the following spells:

 Your Spells              Type           Power        Failure   Level
a - Magic Dart            Conj           32%          22%         1
b - Blink                 Tloc           N/A          45%         2
c - Call Imp              Summ           4%           56%         2
d - Teleport Other        Tloc           6%           69%         3

Your spell library contained the following spells:

 Spells                   Type           Power        Failure   Level
 Conjure Flame            Conj/Fire      6%           69%         3
 Gell's Gravitas          Tloc           3%           69%         3
 Lesser Beckoning         Tloc           3%           69%         3
 Slow                     Hex            2%           75%         2
 Mephitic Cloud           Conj/Pois/Air  4%           83%         3
 Passage of Golubria      Tloc           N/A          97%         4
 Cause Fear               Hex            1%           100%        4
 Silence                  Hex/Air        1%           100%        5
 Yara's Violent Unravell  Hex/Tmut       1%           100%        5
 Discord                  Hex            1%           100%        8


Dungeon Overview and Level Annotations

Branches:
Dungeon (11/15)            Temple (1/1) D:5            Lair (6/6) D:8
  Swamp (0/4) Lair:4
  Snake: Lair:2-4    Spider: Lair:2-4     Slime: Lair:5-6       Orc: D:9-12

Altars:
Ashenzari
Cheibriados
Elyvilon
Fedhas
Hepliaklqana
Makhleb
Nemelex Xobeh
Okawaru
Qazlal
Sif Muna
Uskayaw
Vehumet
Wu Jian
Yredelemnul
Zin
The Shining One

Shops:
D:4 (   D:5 }   D:6 [   D:9 =

Annotations:
D:3 exclusion: upstairs
D:4 exclusion: upstairs
D:9 exclusions: downstairs and 2 upstairs
Lair:3 Rupert
Lair:5 Nessos


Innate Abilities, Weirdness & Mutations

You are too large for most types of armour.
You have claws for hands.
Your natural rate of healing is unusually fast.
You are covered in fur. (AC +1)
You have extremely tough skin. (AC +3)


Message History

The dire elephant is lightly wounded.
The dire elephant tramples you but does no damage.
You block the dire elephant's attack.
Okay, then.
Okay, then.
You see here a ring of teleportation.
You completely miss the dire elephant.
The dire elephant is lightly wounded.
The dire elephant tramples you!
* * * LOW HITPOINT WARNING * * *
You hold your ground!
The dire elephant completely misses you.
You hear a trumpeting!
As you read the scroll of fog, it crumbles to dust.
The scroll dissolves into smoke.
You block the dire elephant's attack.
The dire elephant trunk-slaps you but does no damage.
You spin and attack the dire elephant.
You scratch the dire elephant.
The dire elephant is lightly wounded.
The dire elephant tramples you!!
You die...

##..P≈#
#..≈≈≈##
≈≈≈≈≈≈#
≈≈≈≈≈.#
#≈Y≈.
##''##
#.§§§#
#.§§§#
#§§§@#
#§§Y§#
##§§##
####


You could see a dire elephant.

Vanquished Creatures
  A hydra (Lair:4)
  An anaconda (Lair:6)
  A lindwurm (Lair:6)
  A cyclops (D:9)
  A black mamba (Lair:4)
  Joseph (D:9)
  2 elephants (Lair:4)
  2 gargoyles
  3 cane toads
  Maggie (D:9)
  A komodo dragon (D:8)
  A troll (D:10)
  A hornet (D:9)
  3 blink frogs (Lair:6)
  A spriggan (D:10)
  3 yaks
  A basilisk (Lair:4)
  A wyvern (Lair:4)
  2 vampire mosquitoes (D:9)
  4 water moccasins
  2 orc warriors
  2 ice beasts
  2 sky beasts
  A black bear (D:7)
  An ogre (D:7)
  3 wolves (Lair:6)
  An eye of draining (D:8)
  A necrophage (D:9)
  A centaur (D:10)
  A bullfrog (Lair:4)
  Blork the orc (D:5)
  A scorpion (D:9)
  4 killer bees (D:8)
  2 howler monkeys
  A bullfrog skeleton (D:4)
  2 jellies
  2 centaur skeletons
  2 orc priests
  A hound (D:4)
  7 orc wizards
  An iguana (D:8)
  Terence (D:3)
  8 worker ants
  A killer bee zombie (D:8)
  2 hound skeletons
  2 worker ant zombies
  Robin (D:4)
  6 gnolls
  11 adders
  A shadow imp (D:5)
  A white imp (D:9)
  2 ufetubi
  2 adder zombies
  2 dart slugs (D:1)
  5 leopard geckos
  20 orcs
  A ball python (D:2)
  6 giant cockroaches
  2 gnoll zombies (D:9)
  13 goblins
  10 hobgoblins
  11 jackals
  8 kobolds
  3 quokkas
  5 bats
  5 frilled lizards
  A giant cockroach zombie (D:5)
  A leopard gecko skeleton (D:4)
  A leopard gecko zombie (D:5)
  9 rats
212 creatures vanquished.

Vanquished Creatures (others)
  A sky beast (D:9)
  A gnoll (D:5)
  7 fungi
  25 plants
34 creatures vanquished.

Grand Total: 246 creatures vanquished

Notes
Turn   | Place    | Note
-------+----------+-------------------------------------------
     0 | D:1      | Acheron the Troll Wanderer began the quest for the Orb.
     0 | D:1      | Acheron set off with the following items: a +0 club, a +0
                  | robe, a potion of curing; and the following spell
                  | memorised: Magic Dart; and the following spells available
                  | to memorise: Blink, Call Imp, Slow, Conjure Flame, Mephitic
                  | Cloud
     0 | D:1      | Reached XP level 1. HP: 19/19 MP: 3/3
    89 | D:1      | Reached XP level 2. HP: 27/27 MP: 4/4
   180 | D:1      | Reached XP level 3. HP: 33/33 MP: 6/6
   465 | D:2      | Found a faded altar of an unknown god.
   558 | D:1      | Reached XP level 4. HP: 41/41 MP: 8/8
   681 | D:4      | Found Vamnul's Antique Weapon Shop.
   776 | D:3      | Reached skill level 1 in Unarmed Combat
   784 | D:3      | Noticed Terence
   864 | D:3      | Found a stormy altar of Qazlal.
  1178 | D:3      | Found a burning altar of Makhleb.
  1444 | D:3      | Reached XP level 5. HP: 48/48 MP: 9/9
  1534 | D:2      | Found a shimmering blue altar of Sif Muna.
  2135 | D:3      | Killed Terence
  2312 | D:5      | Entered Level 5 of the Dungeon
  2327 | D:5      | Reached skill level 2 in Unarmed Combat
  2390 | D:5      | Reached skill level 1 in Conjurations
  2411 | D:5      | Reached XP level 6. HP: 43/55 MP: 10/10
  2470 | D:5      | Noticed Blork the orc
  2525 | D:5      | Found Jiovi's Gadget Emporium.
  2594 | D:5      | Noticed an ice beast
  2616 | D:5      | Killed an ice beast
  2685 | D:4      | Noticed Robin
  2691 | D:4      | Killed Robin
  2732 | D:5      | Found a staircase to the Ecumenical Temple.
  2738 | D:5      | Reached XP level 7. HP: 63/63 MP: 11/11
  2740 | Temple   | Entered the Ecumenical Temple
  2808 | Temple   | Became a worshipper of the Wu Jian Council
  2829 | D:5      | Killed Blork the orc
  2830 | D:5      | Reached skill level 1 in Stealth
  2844 | D:5      | Reached skill level 3 in Unarmed Combat
  3174 | D:5      | Reached skill level 1 in Evocations
  3590 | D:4      | Found a blossoming altar of Fedhas.
  3988 | D:6      | Found Ilutaf's Armour Shoppe.
  4140 | D:7      | Reached * piety under Wu Jian
  4141 | D:7      | Reached XP level 8. HP: 72/72 MP: 12/12
  4391 | D:9      | Learned a level 2 spell: Blink
  4461 | D:9      | Learned a level 2 spell: Call Imp
  4580 | D:9      | Reached skill level 4 in Unarmed Combat
  4618 | D:9      | Noticed a cyclops
  4897 | D:9      | Noticed Maggie
  4909 | D:9      | Noticed a hornet
  5031 | D:10     | Entered Level 10 of the Dungeon
  5035 | D:10     | Noticed a two-headed ogre
  5186 | D:9      | Found Seurchiabb's Jewellery Shoppe.
  5189 | D:9      | Bought a cursed -4 ring of protection for 28 gold pieces
  5385 | D:9      | Killed a cyclops
  5386 | D:9      | Reached skill level 5 in Unarmed Combat
  5386 | D:9      | Reached skill level 1 in Translocations
  5386 | D:9      | Reached XP level 9. HP: 41/80 MP: 14/14
  5503 | D:9      | Found a basalt altar of Yredelemnul.
  5637 | D:10     | Noticed a gargoyle
  5668 | D:9      | Killed a gargoyle
  5669 | D:9      | HP: 4/80 [Maggie/+0 glaive of protection (6)]
  5675 | D:9      | Killed Maggie
  5917 | D:9      | Noticed Joseph
  5932 | D:9      | Killed Joseph
  6174 | D:8      | You fall into a shaft and drop 2 floors!
  6219 | D:10     | Reached skill level 6 in Unarmed Combat
  6226 | D:10     | Reached ** piety under Wu Jian
  6231 | D:10     | Noticed a troll
  6252 | D:10     | Killed a troll
  6340 | D:10     | Noticed a gargoyle
  6356 | D:10     | Killed a gargoyle
  6357 | D:10     | Reached skill level 1 in Armour
  6357 | D:10     | Reached XP level 10. HP: 84/91 MP: 15/15
  6370 | D:10     | Reached skill level 1 in Summonings
  6401 | D:11     | Noticed a manticore
  6662 | D:8      | Found a staircase to the Lair.
  6779 | Lair:1   | Entered Level 1 of the Lair of Beasts
  6852 | Lair:2   | Noticed a four-headed hydra
  6855 | Lair:3   | Noticed a torpor snail
  6855 | Lair:3   | Noticed a catoblepas
  6865 | Lair:3   | Noticed Rupert
  6906 | Lair:5   | Noticed a cane toad
  6907 | Lair:5   | Noticed a cane toad
  6923 | Lair:4   | Noticed a cane toad
  6923 | Lair:4   | Noticed a cane toad
  6946 | Lair:4   | Killed a cane toad
  6947 | Lair:4   | Reached skill level 7 in Unarmed Combat
  6953 | Lair:4   | Killed a cane toad
  7016 | Lair:4   | Found a staircase to the Swamp.
  7058 | Lair:4   | Noticed a black mamba
  7072 | Lair:4   | Killed a black mamba
  7073 | Lair:4   | Reached skill level 5 in Shields
  7127 | Lair:4   | Noticed a four-headed hydra
  7139 | Lair:4   | HP: 4/92 [eight-headed hydra (5)]
  7141 | Lair:4   | Killed an eight-headed hydra
  7312 | Lair:3   | Learned a level 3 spell: Teleport Other
  7417 | Lair:5   | Noticed an elephant
  7417 | Lair:5   | Noticed an elephant
  7417 | Lair:5   | Noticed an elephant
  7435 | Lair:4   | Killed an elephant
  7436 | Lair:4   | Reached XP level 11. HP: 70/98 MP: 16/16
  7604 | Lair:5   | Reached *** piety under Wu Jian
  7619 | Lair:5   | Noticed Nessos
  7638 | Lair:6   | Entered Level 6 of the Lair of Beasts
  7639 | Lair:6   | Noticed a catoblepas
  7659 | Lair:6   | Noticed a lindwurm
  7688 | Lair:6   | Killed a lindwurm
  7689 | Lair:6   | Reached skill level 8 in Unarmed Combat
  7920 | Lair:6   | Noticed an anaconda
  7926 | Lair:6   | Killed an anaconda
  7926 | Lair:6   | Noticed a dire elephant
  7926 | Lair:6   | Noticed a dire elephant
  7940 | Lair:6   | Mangled by a dire elephant

Illustrated notes

Levels and vault maps discovered:
D:1:      dpeg_arrival_long_road, layout_rooms
D:2:      layout_basic, nicolae_overflow_crystal_walls,
          chequers_ecumenical_altar_simple_redux
D:3:      wander_river, layout_loops_corners, nicolae_overflow_hidden_temple,
          bloody_makhleb, grunt_ministairs_13, uniq_terence
D:4:      layout_rooms, serial_shops, shop, supply_closet_lemuel, minivault_14,
          fedhas_ov_isle_minmay, uniq_robin
D:5:      layout_basic, minmay_temple_entry_proselytizer, serial_shops, shop,
          uniq_blork_the_orc
D:6:      kennysheep_six_static_rooms, layout_basic, grunt_dithmenos_smoke,
          serial_shops, nicolae_shop_temple_entry_statues_fountains,
          portal_sewer_entry_a
D:7:      layout_cave_pods, cheibrodos_ashenzari_chains
D:8:      layout_loops_ring, minitemple, david_lair_shrubbed, serial_shops,
          nicolae_shop_waterfront, minmay_misc_feat_rows
D:9:      layout_basic, lemuel_zombie_altar_yredelemnul, serial_shops,
          kennysheep_mini, patterned_corridor, uniq_maggie, uniq_joseph
D:10:     layout_basic, david_orc_4, mrwooster_statue_mirror, the_bakery
D:11:     layout_roguey, gammafunk_ghost_abyssal_escape
Temple:   nicolae_temple_x_marks_the_god
Lair:1:   layout_layer_cave, basic_altar, minivault_24, serial_bayou_shore_b
Lair:2:   layout_concentric_octagons
Lair:3:   layout_long_grid, minmay_snake_entry_guardpost_medium, st_stairs_8,
          chequers_serial_rivers_small_b, uniq_snorg, uniq_rupert
Lair:4:   layout_cave_shapes, swamp_mist
Lair:5:   layout_regular_city, st_stairs_11, uniq_nessos
Lair:6:   due_jungle_book, layout_layer_cave, slime_altar_1, st_stairs_6

Skill      XL: |  1  2  3  4  5  6  7  8  9 10 11 |
---------------+----------------------------------+-----
Spellcasting   | 3 4 |  4.7
Unarmed Combat | 1 2 3 5 6 7 8 |  8.2
Dodging        | 2 3 4 |  4.9
Conjurations   | 1 2 3 |  3.1
Stealth        | 1 2 |  2.9
Throwing       | 2 3 4 |  4.5
Fighting       | 2 3 4 |  4.1
Evocations     | 1 2 3 |  3.4
Shields        | 2 3 4 5 |  5.6
Translocations | 1 2 |  2.0
Armour         | 1 2 3 |  3.0
Summonings     | 1 |  1.1
Bows           | |  1.0
Fire Magic     | |  1.0

Action                   |  1- 3 |  4- 6 |  7- 9 | 10-12 || total
-------------------------+-------+-------+-------+-------++-------
Melee: Club              |    13 |       |       |       ||    13
       Unarmed           |   103 |   235 |   387 |   307 ||  1032
       Punch             |       |     1 |       |       ||     1
Throw: Boomerang         |       |     4 |       |       ||     4
       Large rock        |       |       |     4 |     7 ||    11
Invok: Lunge             |       |       |    18 |     2 ||    20
       Whirlwind         |       |       |     7 |    11 ||    18
Evoke: Wand              |       |     1 |     3 |     2 ||     6
       Lightning rod     |       |       |       |     2 ||     2
  Use: Scroll            |       |     8 |    18 |     7 ||    33
       Potion            |       |       |     5 |       ||     5
 Stab: Sleeping          |       |     2 |     1 |       ||     3
       Distracted        |       |       |     1 |       ||     1
       Petrified         |       |       |       |     6 ||     6
Armor: Robe              |    54 |    84 |    67 |       ||   205
       Swamp dragon scal |       |       |    26 |   128 ||   154
Dodge: Dodged            |    69 |   109 |    84 |    84 ||   346
Block: Other             |       |    26 |       |       ||    26
       Kite shield       |       |     6 |   264 |   212 ||   482
       Reflection        |       |       |    12 |     3 ||    15
